[ AOE2 MATCH · #469434182 ]
UnrankedGeorgians vs Khitans
[ REPLAY ANALYSIS · EXTRACTED FROM THE RECORDED GAME ]
Feudal
9:01
Castle
19:38
Imperial
—
| APM avg | 87.7 |
| APM peak | 162 |
| eAPM avg | 33.0 |
| Villagers / military | 101 / 53 |
Focus
⚔️ 58.7% · 🌾 41.3%
Knight ×46 · Scout Cavalry ×6 · Monk ×1
Feudal
9:57
Castle
22:21
Imperial
—
| APM avg | 81.6 |
| APM peak | 131 |
| eAPM avg | 24.7 |
| Villagers / military | 63 / 66 |
Focus
⚔️ 36.4% · 🌾 63.6%
Archer ×66 · Unknown (1962) ×1
Feudal
10:14
Castle
23:27
Imperial
—
| APM avg | 78.5 |
| APM peak | 159 |
| eAPM avg | 19.6 |
| Villagers / military | 78 / 60 |
Focus
⚔️ 26.0% · 🌾 74.0%
Steppe Lancer ×36 · Scout Cavalry ×22 · Spearman ×1 · Camel Scout ×1
Feudal
12:21
Castle
24:57
Imperial
—
| APM avg | 49.8 |
| APM peak | 108 |
| eAPM avg | 22.1 |
| Villagers / military | 56 / 77 |
Focus
⚔️ 49.3% · 🌾 50.7%
Archer ×75 · Spearman ×2
Feudal
12:54
Castle
23:34
Imperial
—
| APM avg | 69.9 |
| APM peak | 163 |
| eAPM avg | 31.2 |
| Villagers / military | 133 / 56 |
Focus
⚔️ 32.2% · 🌾 67.8%
Knight ×36 · Skirmisher ×11 · Archer ×4 · Spearman ×3 · Monk ×2
Feudal
9:03
Castle
18:31
Imperial
—
| APM avg | 39.9 |
| APM peak | 88 |
| eAPM avg | 17.0 |
| Villagers / military | 73 / 48 |
Focus
⚔️ 41.6% · 🌾 58.4%
Kipchak ×48
Match map
Initial resources + every placement click. Lines = walls · curves = elevation contours. ◆ gold · ⬟ stone · ● berries · ✦ relic · ◌ wall gap
Your base· Open — 6t gap
FrodoMaldito's base· Open — 9t gap
Advanta09's base· Open — 1t gap
kya gunda banega re tu?'s base· Open — 4t gap
Kolor Peru's base· Open — 2t gap
[Astra] Morpheus's base· ✓ Closed at 18:31 · 26t walls · 3 gate(s)
Smoothed initial terrain · ◌ = detected wall gap · hover for details
Inputs per minute
— LMC | Bartolomee123 - - FrodoMaldito
Build order — LMC | Bartolomee123
First 150 of 265 actions detected
| 0:03 | Queue | Villager (Male) |
| 0:03 | Queue | Villager (Male) |
| 0:03 | Queue | Villager (Male) |
| 0:04 | Build | House |
| 0:05 | Build | House |
| 0:07 | Queue | Villager (Male) |
| 0:07 | Queue | Villager (Male) |
| 1:18 | Queue | Villager (Male) |
| 1:19 | Queue | Villager (Male) |
| 1:59 | Queue | Villager (Male) |
| 1:59 | Queue | Villager (Male) |
| 2:09 | Queue | Villager (Male) |
| 2:45 | Queue | Villager (Male) |
| 2:45 | Queue | Villager (Male) |
| 3:30 | Build | Mule Cart |
| 3:31 | Queue | Villager (Male) |
| 3:31 | Queue | Villager (Male) |
| 3:51 | Queue | Villager (Male) |
| 3:52 | Queue | Villager (Male) ×2 |
| 4:00 | Build | House |
| 4:11 | Queue | Villager (Male) ×2 |
| 4:12 | Queue | Villager (Male) ×2 |
| 4:15 | Build | House |
| 4:24 | Queue | Villager (Male) |
| 4:24 | Queue | Villager (Male) |
| 5:03 | Queue | Villager (Male) |
| 5:04 | Queue | Villager (Male) |
| 5:39 | Build | Mill |
| 6:11 | Research | Loom |
| 6:46 | Research | Feudal Age |
| 6:46 | Research | Feudal Age |
| 7:47 | Build | Barracks |
| 7:55 | Build | House |
| 8:37 | Queue | Villager (Male) |
| 9:01 | Age | Feudal Age |
| 9:02 | Build | Stable |
| 9:06 | Queue | Villager (Male) |
| 9:09 | Build | Palisade Wall |
| 9:12 | Build | House |
| 9:19 | Research | Double-Bit Axe |
| 9:29 | Queue | Villager (Male) |
| 9:46 | Queue | Scout Cavalry |
| 9:46 | Queue | Scout Cavalry |
| 9:47 | Queue | Scout Cavalry |
| 10:01 | Build | Palisade Wall |
| 10:03 | Queue | Villager (Male) |
| 10:23 | Queue | Villager (Male) |
| 10:27 | Build | Farm |
| 10:27 | Build | Farm |
| 10:27 | Build | Farm |
| 10:27 | Build | Farm |
| 10:28 | Build | Farm |
| 10:37 | Build | House |
| 10:40 | Queue | Villager (Male) |
| 10:40 | Queue | Villager (Male) |
| 11:02 | Build | House |
| 11:03 | Build | Palisade Wall |
| 11:04 | Build | Palisade Wall |
| 11:09 | Build | Farm |
| 11:28 | Queue | Scout Cavalry |
| 11:29 | Queue | Scout Cavalry |
| 11:31 | Build | Farm |
| 11:36 | Build | Farm |
| 11:39 | Queue | Villager (Male) |
| 11:39 | Queue | Villager (Male) |
| 11:56 | Build | Farm |
| 11:59 | Queue | Villager (Male) |
| 11:59 | Queue | Villager (Male) |
| 12:02 | Build | House |
| 12:09 | Queue | Villager (Male) |
| 12:11 | Build | Farm |
| 12:30 | Build | Palisade Wall |
| 12:34 | Build | House |
| 12:36 | Queue | Villager (Male) |
| 12:37 | Queue | Villager (Male) |
| 12:39 | Build | Farm |
| 12:43 | Build | House |
| 12:44 | Build | Palisade Wall |
| 13:16 | Queue | Villager (Male) |
| 13:17 | Queue | Villager (Male) |
| 13:32 | Queue | Villager (Male) |
| 13:33 | Queue | Villager (Male) |
| 13:38 | Queue | Villager (Male) |
| 13:46 | Build | Stable |
| 13:53 | Queue | Villager (Male) |
| 14:01 | Build | Mule Cart |
| 14:15 | Build | Farm |
| 14:30 | Queue | Villager (Male) |
| 14:32 | Build | Farm |
| 14:37 | Build | Farm |
| 15:08 | Build | Farm |
| 15:24 | Build | Blacksmith |
| 15:26 | Queue | Villager (Male) |
| 15:35 | Queue | Villager (Male) |
| 15:54 | Build | Farm |
| 15:55 | Build | Farm |
| 15:56 | Build | Farm |
| 16:02 | Build | Farm |
| 16:03 | Build | Farm |
| 16:34 | Build | House |
| 16:57 | Build | Farm |
| 16:58 | Research | Castle Age |
| 16:58 | Research | Castle Age |
| 17:12 | Build | House |
| 17:14 | Build | House |
| 17:15 | Build | House |
| 17:22 | Build | House |
| 17:28 | Build | House |
| 17:44 | Research | Bloodlines |
| 17:44 | Research | Bloodlines |
| 17:50 | Research | Scale Barding Armor |
| 18:47 | Build | Stable |
| 19:13 | Build | Palisade Gate |
| 19:14 | Build | Palisade Wall |
| 19:23 | Build | Farm |
| 19:27 | Research | Horse Collar |
| 19:38 | Age | Castle Age |
| 19:40 | Queue | Knight |
| 19:40 | Queue | Knight |
| 19:40 | Queue | Knight |
| 19:41 | Queue | Villager (Male) |
| 19:47 | Build | Farm |
| 19:49 | Build | Farm |
| 19:55 | Queue | Villager (Male) |
| 19:59 | Queue | Knight |
| 19:59 | Queue | Knight |
| 19:59 | Queue | Knight |
| 20:08 | Research | Gold Mining |
| 20:08 | Queue | Villager (Male) |
| 20:28 | Queue | Villager (Male) |
| 20:30 | Build | Farm |
| 21:03 | Research | Chain Barding Armor |
| 21:03 | Research | Chain Barding Armor |
| 21:06 | Queue | Villager (Male) |
| 21:06 | Queue | Villager (Male) |
| 21:16 | Research | Husbandry |
| 21:27 | Build | Monastery |
| 21:33 | Queue | Villager (Male) |
| 21:33 | Queue | Villager (Male) |
| 22:00 | Queue | Knight |
| 22:00 | Queue | Knight |
| 22:00 | Queue | Knight |
| 22:22 | Build | Town Center |
| 22:28 | Queue | Villager (Male) |
| 22:33 | Queue | Villager (Male) |
| 22:33 | Queue | Villager (Male) |
| 22:53 | Queue | Villager (Male) |
| 22:57 | Queue | Villager (Male) |
| 23:02 | Build | Farm |
| 23:04 | Build | Farm |
Build order — FrodoMaldito
First 150 of 216 actions detected
| 0:01 | Queue | Villager (Male) |
| 0:01 | Queue | Villager (Male) |
| 0:02 | Queue | Villager (Male) |
| 0:02 | Queue | Villager (Male) |
| 0:03 | Build | House |
| 0:04 | Build | House |
| 1:35 | Queue | Villager (Male) |
| 2:11 | Queue | Villager (Male) |
| 2:12 | Queue | Villager (Male) |
| 2:13 | Build | House |
| 2:32 | Queue | Villager (Male) |
| 2:32 | Queue | Villager (Male) |
| 2:37 | Build | House |
| 3:00 | Queue | Villager (Male) |
| 3:00 | Queue | Villager (Male) |
| 3:00 | Queue | Villager (Male) |
| 3:00 | Queue | Villager (Male) |
| 3:24 | Build | Palisade Wall |
| 3:46 | Queue | Villager (Male) |
| 3:49 | Queue | Villager (Male) |
| 3:49 | Queue | Villager (Male) |
| 3:50 | Queue | Villager (Male) |
| 4:30 | Build | Lumber Camp |
| 5:05 | Queue | Villager (Male) |
| 5:35 | Queue | Villager (Male) |
| 5:48 | Queue | Villager (Male) |
| 6:09 | Build | Mill |
| 6:22 | Queue | Villager (Male) |
| 6:41 | Queue | Villager (Male) |
| 7:05 | Research | Loom |
| 7:31 | Build | Farm |
| 7:47 | Research | Feudal Age |
| 7:47 | Research | Feudal Age |
| 8:17 | Build | Palisade Wall |
| 8:55 | Build | Barracks |
| 9:49 | Build | Mining Camp |
| 9:57 | Age | Feudal Age |
| 10:01 | Queue | Villager (Male) |
| 10:04 | Build | Archery Range |
| 10:12 | Build | Palisade Wall |
| 10:21 | Queue | Villager (Male) |
| 10:22 | Research | Double-Bit Axe |
| 10:23 | Research | Double-Bit Axe |
| 10:33 | Queue | Villager (Male) |
| 11:06 | Build | Palisade Wall |
| 11:10 | Build | House |
| 11:14 | Queue | Archer |
| 11:21 | Queue | Villager (Male) |
| 11:21 | Queue | Villager (Male) |
| 11:35 | Build | Blacksmith |
| 11:45 | Build | Farm |
| 11:53 | Queue | Archer |
| 12:00 | Queue | Villager (Male) |
| 12:07 | Queue | Archer |
| 12:15 | Build | Palisade Wall |
| 12:19 | Research | Fletching |
| 12:37 | Build | Archery Range |
| 12:47 | Queue | Villager (Male) |
| 13:03 | Build | House |
| 13:06 | Research | Wheelbarrow |
| 13:06 | Research | Wheelbarrow |
| 13:11 | Build | Farm |
| 13:16 | Queue | Villager (Male) |
| 13:19 | Queue | Archer |
| 13:21 | Queue | Archer |
| 13:33 | Build | House |
| 13:35 | Queue | Archer |
| 13:54 | Queue | Archer |
| 13:55 | Queue | Archer |
| 14:12 | Build | Farm |
| 14:13 | Build | Farm |
| 14:42 | Queue | Villager (Male) |
| 14:46 | Build | Farm |
| 14:47 | Queue | Villager (Male) |
| 14:49 | Build | Farm |
| 15:19 | Queue | Archer |
| 15:23 | Queue | Villager (Male) |
| 15:38 | Queue | Archer |
| 15:40 | Queue | Villager (Male) |
| 15:43 | Build | Farm |
| 15:44 | Build | Farm |
| 16:03 | Queue | Archer |
| 16:07 | Research | Padded Archer Armor |
| 16:10 | Build | House |
| 16:10 | Build | House |
| 17:00 | Queue | Archer |
| 17:01 | Queue | Archer |
| 17:02 | Queue | Villager (Male) |
| 17:02 | Queue | Villager (Male) |
| 17:11 | Queue | Villager (Male) |
| 17:13 | Build | House |
| 17:15 | Queue | Villager (Male) |
| 17:16 | Build | Farm |
| 17:19 | Build | Farm |
| 17:26 | Queue | Villager (Male) |
| 17:28 | Build | Farm |
| 17:30 | Build | Farm |
| 17:31 | Queue | Villager (Male) |
| 17:35 | Queue | Archer |
| 17:39 | Build | Farm |
| 17:52 | Queue | Archer |
| 17:53 | Queue | Archer |
| 18:11 | Queue | Villager (Male) |
| 18:33 | Queue | Villager (Male) |
| 18:35 | Build | Market |
| 18:47 | Build | Palisade Gate |
| 18:50 | Queue | Archer |
| 18:50 | Queue | Archer |
| 18:50 | Queue | Archer |
| 18:51 | Queue | Villager (Male) |
| 18:54 | Build | House |
| 19:26 | Queue | Archer |
| 19:37 | Research | Castle Age |
| 19:37 | Research | Castle Age |
| 20:00 | Queue | Archer |
| 20:01 | Queue | Archer |
| 20:02 | Queue | Villager (Male) |
| 20:05 | Build | Farm |
| 20:08 | Research | Gold Mining |
| 20:23 | Queue | Archer |
| 20:40 | Queue | Archer |
| 20:57 | Build | House |
| 21:38 | Build | House |
| 21:39 | Queue | Archer |
| 21:39 | Queue | Archer |
| 21:45 | Build | Farm |
| 22:21 | Queue | Archer |
| 22:21 | Age | Castle Age |
| 22:21 | Queue | Archer |
| 22:24 | Research | Crossbowman (upgrade) |
| 22:24 | Research | Bodkin Arrow |
| 22:25 | Research | Bodkin Arrow |
| 22:26 | Research | Thumb Ring |
| 22:37 | Build | University |
| 22:43 | Queue | Archer |
| 22:44 | Queue | Archer |
| 22:55 | Queue | Villager (Male) |
| 22:55 | Queue | Villager (Male) |
| 22:58 | Build | Farm |
| 23:33 | Queue | Archer |
| 23:33 | Queue | Archer |
| 23:38 | Queue | Villager (Male) |
| 23:44 | Research | Leather Archer Armor |
| 24:03 | Queue | Villager (Male) |
| 24:21 | Research | Ballistics |
| 24:26 | Queue | Archer |
| 24:26 | Queue | Archer |
| 24:58 | Queue | Archer |
| 24:58 | Queue | Archer |
| 25:02 | Queue | Archer |
Build order — Advanta09
First 150 of 182 actions detected
| 0:00 | Queue | Villager (Male) |
| 0:02 | Build | House |
| 0:05 | Build | House |
| 0:09 | Queue | Villager (Male) |
| 0:09 | Queue | Villager (Male) |
| 0:09 | Queue | Villager (Male) |
| 0:09 | Queue | Villager (Male) |
| 1:22 | Queue | Villager (Male) |
| 2:01 | Queue | Villager (Male) |
| 2:19 | Queue | Villager (Male) |
| 2:32 | Build | Lumber Camp |
| 2:43 | Queue | Villager (Male) |
| 2:43 | Queue | Villager (Male) |
| 2:59 | Build | House |
| 3:20 | Queue | Villager (Male) |
| 3:33 | Queue | Villager (Male) |
| 3:49 | Queue | Villager (Male) |
| 4:10 | Queue | Villager (Male) |
| 4:53 | Build | Mill |
| 4:57 | Queue | Villager (Male) |
| 5:20 | Queue | Villager (Male) |
| 5:48 | Build | House |
| 5:50 | Queue | Villager (Male) |
| 6:17 | Research | Loom |
| 6:51 | Queue | Villager (Male) |
| 7:16 | Queue | Villager (Male) |
| 8:04 | Research | Feudal Age |
| 8:16 | Build | Lumber Camp |
| 8:35 | Build | Barracks |
| 9:57 | Queue | Villager (Male) |
| 9:57 | Queue | Villager (Male) |
| 10:09 | Build | Pasture |
| 10:14 | Age | Feudal Age |
| 10:20 | Build | Stable |
| 10:42 | Queue | Spearman |
| 10:51 | Queue | Villager (Male) |
| 10:57 | Build | Pasture |
| 11:01 | Research | Double-Bit Axe |
| 11:02 | Research | Tech 1014 |
| 11:05 | Queue | Scout Cavalry |
| 11:09 | Build | House |
| 11:14 | Build | House |
| 11:15 | Build | House |
| 11:41 | Queue | Villager (Male) |
| 11:57 | Queue | Scout Cavalry |
| 11:57 | Queue | Scout Cavalry |
| 12:05 | Build | Pasture |
| 12:07 | Queue | Villager (Male) |
| 12:29 | Queue | Villager (Male) |
| 12:35 | Build | Pasture |
| 12:46 | Queue | Scout Cavalry |
| 13:04 | Queue | Villager (Male) |
| 13:04 | Queue | Villager (Male) |
| 13:09 | Build | Pasture |
| 13:11 | Build | House |
| 13:12 | Build | House |
| 13:35 | Queue | Villager (Male) |
| 13:37 | Build | Pasture |
| 13:39 | Queue | Scout Cavalry |
| 13:39 | Queue | Scout Cavalry |
| 14:14 | Queue | Villager (Male) |
| 14:23 | Build | Pasture |
| 14:25 | Queue | Villager (Male) |
| 14:29 | Build | House |
| 14:52 | Queue | Villager (Male) |
| 14:53 | Queue | Scout Cavalry |
| 14:53 | Queue | Scout Cavalry |
| 15:17 | Queue | Villager (Male) |
| 15:23 | Queue | Scout Cavalry |
| 15:30 | Queue | Scout Cavalry |
| 15:38 | Build | Pasture |
| 15:51 | Build | Mining Camp |
| 15:53 | Build | Blacksmith |
| 16:08 | Queue | Villager (Male) |
| 16:12 | Build | Pasture |
| 16:13 | Queue | Villager (Male) |
| 16:42 | Queue | Villager (Male) |
| 16:45 | Build | House |
| 16:48 | Research | Forging |
| 16:51 | Queue | Scout Cavalry |
| 16:52 | Queue | Scout Cavalry |
| 17:12 | Queue | Villager (Male) |
| 17:17 | Build | Stable |
| 17:28 | Build | Pasture |
| 17:31 | Queue | Villager (Male) |
| 17:34 | Research | Scale Barding Armor |
| 17:36 | Queue | Villager (Male) |
| 17:39 | Build | House |
| 17:40 | Build | House |
| 17:48 | Queue | Scout Cavalry |
| 17:51 | Queue | Villager (Male) |
| 17:56 | Build | Pasture |
| 18:17 | Queue | Scout Cavalry |
| 18:18 | Queue | Scout Cavalry |
| 18:28 | Queue | Scout Cavalry |
| 18:34 | Queue | Villager (Male) |
| 19:20 | Build | House |
| 19:23 | Queue | Scout Cavalry |
| 19:28 | Queue | Villager (Male) |
| 19:30 | Build | Pasture |
| 19:54 | Queue | Villager (Male) |
| 19:56 | Build | Pasture |
| 20:01 | Build | Pasture |
| 20:18 | Queue | Villager (Male) |
| 20:47 | Research | Castle Age |
| 20:59 | Research | Gold Mining |
| 21:32 | Queue | Scout Cavalry |
| 21:32 | Queue | Scout Cavalry |
| 21:34 | Queue | Scout Cavalry |
| 21:38 | Build | Stable |
| 21:51 | Queue | Villager (Male) |
| 22:41 | Queue | Scout Cavalry |
| 22:41 | Queue | Scout Cavalry |
| 23:27 | Age | Castle Age |
| 23:31 | Research | Light Cavalry (upgrade) |
| 23:38 | Queue | Steppe Lancer ×5 |
| 23:39 | Queue | Villager (Male) |
| 23:39 | Queue | Villager (Male) |
| 23:42 | Research | Chain Barding Armor |
| 24:01 | Research | Husbandry |
| 24:02 | Queue | Camel Scout |
| 24:03 | Research | Iron Casting |
| 24:10 | Research | Wheelbarrow |
| 24:16 | Build | Town Center |
| 24:37 | Queue | Steppe Lancer ×5 |
| 25:02 | Queue | Villager (Male) |
| 25:02 | Queue | Villager (Male) |
| 25:26 | Research | Chain Barding Armor |
| 25:34 | Queue | Steppe Lancer |
| 25:34 | Queue | Steppe Lancer |
| 25:39 | Research | Wheelbarrow |
| 25:44 | Queue | Villager (Male) |
| 25:44 | Queue | Villager (Male) |
| 26:18 | Queue | Villager (Male) |
| 26:18 | Queue | Villager (Male) |
| 26:18 | Queue | Villager (Male) |
| 26:18 | Queue | Villager (Male) |
| 26:21 | Queue | Steppe Lancer ×4 |
| 26:28 | Queue | Villager (Male) |
| 26:33 | Build | Town Center |
| 26:36 | Queue | Steppe Lancer ×2 |
| 26:47 | Research | Bow Saw |
| 26:47 | Research | Bow Saw |
| 27:08 | Queue | Steppe Lancer ×2 |
| 27:27 | Queue | Villager (Male) |
| 27:40 | Queue | Steppe Lancer ×3 |
| 27:56 | Queue | Villager (Male) |
| 28:08 | Queue | Villager (Male) |
| 28:08 | Queue | Villager (Male) |
| 28:13 | Queue | Villager (Male) |
Build order — kya gunda banega re tu?
First 150 of 220 actions detected
| 0:00 | Queue | Villager (Male) |
| 0:01 | Queue | Villager (Male) |
| 0:01 | Queue | Villager (Male) |
| 0:01 | Queue | Villager (Male) |
| 0:02 | Build | House |
| 0:03 | Build | House |
| 0:50 | Research | Loom |
| 1:38 | Build | Palisade Gate |
| 1:51 | Queue | Villager (Male) |
| 2:12 | Queue | Villager (Male) |
| 2:22 | Build | Palisade Wall |
| 2:23 | Build | Palisade Wall |
| 2:24 | Build | Palisade Wall |
| 2:25 | Build | Palisade Wall |
| 2:25 | Build | Palisade Wall |
| 2:26 | Build | Palisade Wall |
| 2:26 | Build | Palisade Wall |
| 2:26 | Build | Palisade Wall |
| 2:27 | Build | Palisade Wall |
| 2:27 | Build | Palisade Wall |
| 2:27 | Build | Palisade Wall |
| 2:27 | Build | Palisade Wall |
| 2:28 | Build | Palisade Wall |
| 2:33 | Queue | Villager (Male) |
| 2:33 | Queue | Villager (Male) |
| 2:57 | Build | Mill |
| 3:00 | Queue | Villager (Male) |
| 3:36 | Queue | Villager (Male) |
| 3:36 | Queue | Villager (Male) |
| 3:50 | Build | Palisade Wall |
| 3:51 | Build | Palisade Wall |
| 3:54 | Build | Palisade Wall |
| 3:59 | Queue | Villager (Male) |
| 3:59 | Queue | Villager (Male) |
| 4:32 | Queue | Villager (Male) |
| 4:44 | Queue | Villager (Male) |
| 4:53 | Queue | Villager (Male) |
| 4:53 | Queue | Villager (Male) |
| 5:31 | Build | House |
| 6:04 | Queue | Villager (Male) |
| 6:34 | Build | Mill |
| 6:36 | Queue | Villager (Male) |
| 7:08 | Queue | Villager (Male) |
| 7:09 | Queue | Villager (Male) |
| 7:09 | Queue | Villager (Male) |
| 7:21 | Build | House |
| 7:32 | Build | Palisade Wall |
| 7:32 | Build | Palisade Wall |
| 7:33 | Build | Palisade Wall |
| 7:35 | Queue | Villager (Male) |
| 8:02 | Build | Palisade Wall |
| 8:50 | Queue | Villager (Male) |
| 9:00 | Build | Lumber Camp |
| 9:18 | Queue | Villager (Male) |
| 9:35 | Build | Mining Camp |
| 10:11 | Research | Feudal Age |
| 10:12 | Research | Feudal Age |
| 10:12 | Research | Feudal Age |
| 10:44 | Build | Barracks |
| 10:51 | Build | House |
| 10:58 | Queue | Villager (Male) |
| 10:59 | Queue | Villager (Male) |
| 12:21 | Age | Feudal Age |
| 12:23 | Build | Archery Range |
| 12:27 | Build | Archery Range |
| 12:47 | Build | Blacksmith |
| 12:50 | Queue | Villager (Male) |
| 13:01 | Queue | Spearman |
| 13:01 | Queue | Villager (Male) |
| 13:18 | Queue | Archer |
| 13:19 | Queue | Archer |
| 13:30 | Build | Farm |
| 13:35 | Build | Farm |
| 13:36 | Research | Fletching |
| 13:37 | Research | Fletching |
| 13:37 | Queue | Villager (Male) |
| 13:40 | Build | House |
| 13:46 | Build | House |
| 13:50 | Queue | Archer |
| 13:50 | Queue | Archer |
| 13:58 | Build | Farm |
| 14:12 | Queue | Spearman |
| 14:18 | Build | House |
| 14:23 | Queue | Archer |
| 14:26 | Queue | Archer |
| 14:27 | Queue | Archer |
| 14:56 | Queue | Archer |
| 14:57 | Queue | Archer |
| 15:11 | Queue | Archer |
| 15:12 | Queue | Archer |
| 15:12 | Queue | Villager (Male) |
| 15:23 | Queue | Archer |
| 15:39 | Queue | Archer |
| 15:41 | Build | House |
| 15:44 | Build | House |
| 15:52 | Queue | Villager (Male) |
| 15:53 | Queue | Villager (Male) |
| 15:55 | Build | Archery Range |
| 16:00 | Queue | Archer |
| 16:00 | Queue | Archer |
| 16:09 | Queue | Archer |
| 16:54 | Queue | Archer |
| 16:55 | Queue | Archer |
| 16:55 | Queue | Villager (Male) |
| 17:11 | Queue | Archer |
| 17:11 | Queue | Archer |
| 17:11 | Queue | Archer |
| 17:16 | Build | House |
| 17:17 | Build | House |
| 17:18 | Build | House |
| 17:28 | Queue | Archer |
| 17:28 | Queue | Archer |
| 17:36 | Build | House |
| 17:39 | Build | Farm |
| 17:42 | Build | Farm |
| 17:43 | Queue | Archer |
| 17:43 | Queue | Archer |
| 17:49 | Queue | Archer |
| 17:50 | Queue | Archer |
| 17:50 | Queue | Archer |
| 17:55 | Queue | Villager (Male) |
| 17:55 | Queue | Villager (Male) |
| 17:59 | Build | Farm |
| 18:03 | Build | Farm |
| 18:10 | Build | Farm |
| 18:13 | Build | Farm |
| 18:14 | Queue | Archer |
| 18:14 | Queue | Archer |
| 18:14 | Queue | Archer |
| 18:36 | Build | Farm |
| 18:55 | Queue | Villager (Male) |
| 19:15 | Queue | Archer |
| 19:18 | Queue | Archer |
| 19:18 | Queue | Archer |
| 19:20 | Queue | Archer |
| 19:27 | Build | Farm |
| 19:27 | Queue | Villager (Male) |
| 19:36 | Queue | Villager (Male) |
| 19:41 | Build | Farm |
| 19:43 | Queue | Archer |
| 20:02 | Build | Market |
| 20:23 | Queue | Villager (Male) |
| 21:00 | Build | Farm |
| 21:02 | Build | Market |
| 21:03 | Queue | Villager (Male) |
| 22:17 | Research | Castle Age |
| 22:17 | Research | Castle Age |
| 22:19 | Queue | Archer |
| 22:19 | Queue | Archer |
| 22:25 | Build | House |
Build order — Kolor Peru
First 150 of 307 actions detected
| 0:00 | Queue | Villager (Male) |
| 0:01 | Queue | Villager (Male) |
| 0:03 | Build | House |
| 0:04 | Build | House |
| 0:04 | Queue | Villager (Male) |
| 0:08 | Queue | Villager (Male) |
| 0:11 | Queue | Villager (Male) |
| 0:11 | Queue | Villager (Male) |
| 0:32 | Research | Loom |
| 0:36 | Queue | Villager (Male) |
| 0:47 | Queue | Villager (Male) |
| 1:00 | Queue | Villager (Male) |
| 1:00 | Queue | Villager (Male) |
| 2:05 | Queue | Villager (Male) |
| 2:06 | Queue | Villager (Male) |
| 2:54 | Build | House |
| 3:02 | Queue | Villager (Male) |
| 3:02 | Queue | Villager (Male) |
| 3:04 | Queue | Villager (Male) |
| 3:04 | Queue | Villager (Male) |
| 3:10 | Queue | Villager (Male) |
| 3:10 | Queue | Villager (Male) |
| 3:33 | Queue | Villager (Male) |
| 3:33 | Queue | Villager (Male) |
| 4:09 | Build | House |
| 4:31 | Build | Lumber Camp |
| 5:07 | Queue | Villager (Male) |
| 5:12 | Queue | Villager (Male) |
| 5:12 | Queue | Villager (Male) |
| 5:39 | Queue | Villager (Male) |
| 6:11 | Queue | Villager (Male) |
| 6:13 | Queue | Villager (Male) |
| 6:14 | Queue | Villager (Male) |
| 6:14 | Queue | Villager (Male) |
| 6:27 | Queue | Villager (Male) |
| 6:27 | Queue | Villager (Male) |
| 6:39 | Build | House |
| 7:19 | Queue | Villager (Male) |
| 7:27 | Build | Palisade Wall |
| 7:31 | Build | Palisade Wall |
| 7:41 | Queue | Villager (Male) |
| 7:48 | Build | Mill |
| 7:59 | Build | Palisade Wall |
| 8:01 | Build | Palisade Wall |
| 8:07 | Queue | Villager (Male) |
| 8:20 | Build | Palisade Wall |
| 8:29 | Build | Palisade Wall |
| 8:30 | Build | Palisade Wall |
| 8:35 | Queue | Villager (Male) |
| 8:39 | Build | House |
| 9:03 | Queue | Villager (Male) |
| 9:03 | Queue | Villager (Male) |
| 9:28 | Build | Mill |
| 10:19 | Build | House |
| 10:44 | Research | Feudal Age |
| 10:46 | Build | Barracks |
| 10:48 | Build | Palisade Wall |
| 10:57 | Build | House |
| 11:07 | Build | Palisade Gate |
| 11:16 | Queue | Villager (Male) |
| 11:29 | Queue | Villager (Male) |
| 11:32 | Build | Farm |
| 11:33 | Build | Farm |
| 11:46 | Build | Farm |
| 11:55 | Build | Palisade Wall |
| 12:32 | Build | House |
| 12:34 | Build | Palisade Wall |
| 12:39 | Build | House |
| 12:40 | Build | Palisade Wall |
| 12:40 | Build | Palisade Wall |
| 12:41 | Build | Palisade Wall |
| 12:42 | Build | Palisade Wall |
| 12:42 | Build | Palisade Wall |
| 12:43 | Build | Palisade Wall |
| 12:44 | Build | Palisade Wall |
| 12:45 | Build | Palisade Wall |
| 12:54 | Age | Feudal Age |
| 12:57 | Build | Archery Range |
| 13:21 | Build | Mining Camp |
| 13:37 | Queue | Villager (Male) |
| 13:50 | Research | Double-Bit Axe |
| 14:01 | Research | Horse Collar |
| 14:01 | Research | Horse Collar |
| 14:02 | Queue | Villager (Male) |
| 14:14 | Build | House |
| 14:24 | Queue | Skirmisher |
| 14:24 | Queue | Skirmisher |
| 14:25 | Queue | Villager (Male) |
| 14:37 | Queue | Skirmisher |
| 14:46 | Build | Farm |
| 14:54 | Queue | Skirmisher |
| 14:55 | Queue | Villager (Male) |
| 15:02 | Build | Farm |
| 15:20 | Queue | Villager (Male) |
| 15:24 | Queue | Skirmisher |
| 15:34 | Build | Blacksmith |
| 15:42 | Queue | Skirmisher |
| 15:44 | Queue | Villager (Male) |
| 15:47 | Build | Farm |
| 15:48 | Build | Farm |
| 16:00 | Build | Farm |
| 16:11 | Queue | Villager (Male) |
| 16:13 | Build | Farm |
| 16:17 | Build | Farm |
| 16:22 | Research | Padded Archer Armor |
| 16:22 | Research | Fletching |
| 16:39 | Queue | Villager (Male) |
| 16:41 | Build | House |
| 16:42 | Build | House |
| 17:07 | Queue | Skirmisher |
| 17:07 | Queue | Skirmisher |
| 17:07 | Queue | Villager (Male) |
| 17:07 | Queue | Villager (Male) |
| 17:08 | Queue | Villager (Male) |
| 17:10 | Build | House |
| 17:14 | Build | House |
| 17:15 | Build | House |
| 17:23 | Queue | Skirmisher |
| 17:24 | Queue | Villager (Male) |
| 17:24 | Queue | Villager (Male) |
| 17:28 | Build | Palisade Wall |
| 17:32 | Build | Farm |
| 17:40 | Build | Farm |
| 17:41 | Build | Farm |
| 17:42 | Build | Farm |
| 18:01 | Build | Farm |
| 18:01 | Build | Farm |
| 18:01 | Build | Farm |
| 18:02 | Build | Farm |
| 18:02 | Build | Farm |
| 18:17 | Queue | Villager (Male) |
| 18:18 | Queue | Archer |
| 18:19 | Queue | Archer |
| 18:22 | Build | Farm |
| 18:30 | Queue | Spearman |
| 18:31 | Queue | Spearman |
| 18:37 | Build | Farm |
| 18:47 | Build | Farm |
| 19:15 | Queue | Spearman |
| 19:16 | Queue | Villager (Male) |
| 19:17 | Queue | Archer |
| 19:25 | Queue | Villager (Male) |
| 19:29 | Queue | Villager (Male) |
| 19:33 | Build | House |
| 19:37 | Build | House |
| 19:44 | Queue | Villager (Male) |
| 19:56 | Queue | Villager (Male) |
| 19:56 | Queue | Villager (Male) |
| 19:56 | Queue | Villager (Male) |
| 19:59 | Queue | Archer |
Build order — [Astra] Morpheus
First 150 of 191 actions detected
| 0:00 | Queue | Villager (Male) |
| 0:01 | Queue | Villager (Male) |
| 0:01 | Queue | Villager (Male) |
| 0:02 | Build | House |
| 0:03 | Build | House |
| 0:03 | Queue | Villager (Male) |
| 0:04 | Queue | Villager (Male) |
| 1:35 | Queue | Villager (Male) |
| 1:55 | Queue | Villager (Male) |
| 1:55 | Queue | Villager (Male) |
| 1:55 | Queue | Villager (Male) |
| 2:19 | Build | Lumber Camp |
| 2:24 | Queue | Villager (Male) |
| 2:24 | Queue | Villager (Male) |
| 2:39 | Queue | Villager (Male) |
| 2:39 | Queue | Villager (Male) |
| 2:39 | Queue | Villager (Male) |
| 3:04 | Queue | Villager (Male) |
| 3:30 | Queue | Villager (Male) |
| 3:30 | Queue | Villager (Male) |
| 3:30 | Queue | Villager (Male) |
| 3:46 | Queue | Villager (Male) |
| 3:46 | Queue | Villager (Male) |
| 3:50 | Build | House |
| 3:52 | Build | House |
| 4:05 | Queue | Villager (Male) |
| 4:06 | Queue | Villager (Male) |
| 4:39 | Queue | Villager (Male) |
| 4:39 | Queue | Villager (Male) |
| 4:46 | Queue | Villager (Male) |
| 5:02 | Build | Palisade Wall |
| 5:37 | Build | Mill |
| 5:58 | Research | Loom |
| 6:38 | Build | House |
| 6:53 | Research | Feudal Age |
| 7:20 | Build | Palisade Wall |
| 7:23 | Build | Palisade Wall |
| 7:43 | Build | Palisade Wall |
| 7:46 | Build | House |
| 8:51 | Build | Palisade Gate |
| 8:56 | Build | Palisade Gate |
| 8:59 | Build | House |
| 9:02 | Queue | Villager (Male) |
| 9:03 | Age | Feudal Age |
| 9:07 | Research | Double-Bit Axe |
| 9:07 | Research | Horse Collar |
| 9:12 | Build | Farm |
| 9:16 | Build | Farm |
| 9:21 | Build | Farm |
| 9:23 | Queue | Villager (Male) |
| 9:45 | Queue | Villager (Male) |
| 9:58 | Build | Farm |
| 9:59 | Build | Farm |
| 10:00 | Queue | Villager (Male) |
| 10:20 | Build | Farm |
| 10:20 | Queue | Villager (Male) |
| 10:35 | Build | Farm |
| 10:40 | Queue | Villager (Male) |
| 10:55 | Build | Farm |
| 11:18 | Queue | Villager (Male) |
| 11:31 | Build | Mining Camp |
| 11:44 | Queue | Villager (Male) |
| 12:06 | Build | Farm |
| 12:13 | Queue | Villager (Male) |
| 12:38 | Queue | Villager (Male) |
| 12:59 | Build | Palisade Gate |
| 13:06 | Build | Palisade Wall |
| 13:09 | Build | House |
| 13:10 | Build | Palisade Wall |
| 13:31 | Build | Palisade Wall |
| 13:33 | Build | Palisade Wall |
| 13:36 | Queue | Villager (Male) |
| 13:38 | Build | Palisade Wall |
| 13:43 | Queue | Villager (Male) |
| 13:46 | Build | Market |
| 14:15 | Queue | Villager (Male) |
| 14:37 | Build | Blacksmith |
| 14:54 | Queue | Villager (Male) |
| 15:51 | Research | Castle Age |
| 15:56 | Build | Farm |
| 17:11 | Research | Fletching |
| 17:55 | Queue | Villager (Male) |
| 18:31 | Age | Castle Age |
| 18:33 | Queue | Villager (Male) |
| 18:39 | Build | Castle |
| 18:40 | Build | Mining Camp |
| 18:42 | Queue | Villager (Male) |
| 18:55 | Queue | Villager (Male) |
| 18:59 | Research | Bodkin Arrow |
| 19:07 | Build | University |
| 19:20 | Queue | Villager (Male) |
| 19:40 | Queue | Villager (Male) |
| 19:45 | Research | Bow Saw |
| 19:47 | Queue | Kipchak |
| 19:47 | Queue | Kipchak |
| 19:52 | Queue | Villager (Male) |
| 20:10 | Queue | Kipchak |
| 20:10 | Queue | Kipchak |
| 20:26 | Queue | Villager (Male) |
| 20:36 | Queue | Villager (Male) |
| 20:47 | Queue | Villager (Male) |
| 20:52 | Queue | Kipchak |
| 20:52 | Queue | Kipchak |
| 21:04 | Build | Palisade Wall |
| 21:05 | Build | Palisade Wall |
| 21:06 | Build | Palisade Wall |
| 21:11 | Build | Palisade Wall |
| 21:12 | Build | Palisade Wall |
| 21:13 | Build | Palisade Wall |
| 21:15 | Queue | Villager (Male) |
| 21:18 | Queue | Kipchak |
| 21:43 | Research | Ballistics |
| 21:55 | Queue | Villager (Male) |
| 22:00 | Queue | Villager (Male) |
| 22:02 | Queue | Kipchak |
| 22:02 | Queue | Kipchak |
| 22:18 | Queue | Kipchak |
| 22:18 | Queue | Kipchak |
| 22:31 | Queue | Kipchak |
| 22:32 | Queue | Kipchak |
| 23:01 | Queue | Kipchak |
| 23:02 | Queue | Kipchak |
| 23:33 | Queue | Kipchak |
| 23:34 | Queue | Kipchak |
| 23:34 | Queue | Villager (Male) |
| 23:34 | Queue | Villager (Male) |
| 23:36 | Queue | Kipchak |
| 23:36 | Queue | Kipchak |
| 23:37 | Queue | Villager (Male) |
| 23:55 | Build | Farm |
| 23:56 | Build | Farm |
| 23:58 | Build | Farm |
| 24:13 | Queue | Kipchak |
| 24:13 | Queue | Kipchak |
| 24:13 | Queue | Villager (Male) |
| 24:22 | Build | House |
| 24:24 | Build | Farm |
| 24:26 | Build | Farm |
| 25:00 | Queue | Kipchak |
| 25:00 | Queue | Kipchak |
| 25:00 | Queue | Villager (Male) |
| 25:04 | Research | Padded Archer Armor |
| 25:08 | Queue | Kipchak |
| 25:09 | Queue | Villager (Male) |
| 25:58 | Queue | Kipchak |
| 25:58 | Queue | Kipchak |
| 25:58 | Queue | Villager (Male) |
| 25:59 | Queue | Villager (Male) |
| 25:59 | Queue | Villager (Male) |
| 26:12 | Queue | Kipchak |
Match timeline
| 2:22 | kya gunda banega re tu? · wall_segment Palisade Wall x1 |
| 2:23 | kya gunda banega re tu? · wall_segment Palisade Wall x1 |
| 2:24 | kya gunda banega re tu? · wall_segment Palisade Wall x1 |
| 2:25 | kya gunda banega re tu? · wall_segment Palisade Wall x1 |
| 2:25 | kya gunda banega re tu? · wall_segment Palisade Wall x2 |
| 2:26 | kya gunda banega re tu? · wall_segment Palisade Wall x1 |
| 2:26 | kya gunda banega re tu? · wall_segment Palisade Wall x2 |
| 2:26 | kya gunda banega re tu? · wall_segment Palisade Wall x1 |
| 2:27 | kya gunda banega re tu? · wall_segment Palisade Wall x2 |
| 2:27 | kya gunda banega re tu? · wall_segment Palisade Wall x1 |
| 2:27 | kya gunda banega re tu? · wall_segment Palisade Wall x2 |
| 2:27 | kya gunda banega re tu? · wall_segment Palisade Wall x1 |
| 2:28 | kya gunda banega re tu? · wall_segment Palisade Wall x1 |
| 3:24 | FrodoMaldito · wall_segment Palisade Wall x3 |
| 3:50 | kya gunda banega re tu? · wall_segment Palisade Wall x1 |
| 3:51 | kya gunda banega re tu? · wall_segment Palisade Wall x1 |
| 3:54 | kya gunda banega re tu? · wall_segment Palisade Wall x1 |
| 5:02 | [Astra] Morpheus · wall_segment Palisade Wall x4 |
| 7:20 | [Astra] Morpheus · wall_segment Palisade Wall x1 |
| 7:23 | [Astra] Morpheus · wall_segment Palisade Wall x7 |
| 7:27 | Kolor Peru · wall_segment Palisade Wall x1 |
| 7:31 | Kolor Peru · wall_segment Palisade Wall x1 |
| 7:32 | kya gunda banega re tu? · wall_segment Palisade Wall x1 |
| 7:32 | kya gunda banega re tu? · wall_segment Palisade Wall x1 |
| 7:33 | kya gunda banega re tu? · wall_segment Palisade Wall x1 |
| 7:43 | [Astra] Morpheus · wall_segment Palisade Wall x9 |
| 7:47 | LMC | Bartolomee123 · first_building Barracks |
| 7:59 | Kolor Peru · wall_segment Palisade Wall x5 |
| 8:01 | Kolor Peru · wall_segment Palisade Wall x9 |
| 8:02 | kya gunda banega re tu? · wall_segment Palisade Wall x1 |
| 8:17 | FrodoMaldito · wall_segment Palisade Wall x5 |
| 8:20 | Kolor Peru · wall_segment Palisade Wall x2 |
| 8:29 | Kolor Peru · wall_segment Palisade Wall x3 |
| 8:30 | Kolor Peru · wall_segment Palisade Wall x6 |
| 8:35 | Advanta09 · first_building Barracks |
| 8:55 | FrodoMaldito · first_building Barracks |
| 9:01 | LMC | Bartolomee123 · age_up feudal |
| 9:02 | LMC | Bartolomee123 · first_building Stable |
| 9:03 | [Astra] Morpheus · age_up feudal |
| 9:09 | LMC | Bartolomee123 · wall_segment Palisade Wall x1 |
| 9:57 | FrodoMaldito · age_up feudal |
| 10:01 | LMC | Bartolomee123 · wall_segment Palisade Wall x7 |
| 10:04 | FrodoMaldito · first_building Archery Range |
| 10:12 | FrodoMaldito · wall_segment Palisade Wall x5 |
| 10:14 | Advanta09 · age_up feudal |
| 10:20 | Advanta09 · first_building Stable |
| 10:44 | kya gunda banega re tu? · first_building Barracks |
| 10:46 | Kolor Peru · first_building Barracks |
| 10:48 | Kolor Peru · wall_segment Palisade Wall x1 |
| 11:03 | LMC | Bartolomee123 · wall_segment Palisade Wall x1 |
| 11:04 | LMC | Bartolomee123 · wall_segment Palisade Wall x10 |
| 11:06 | FrodoMaldito · wall_segment Palisade Wall x5 |
| 11:55 | Kolor Peru · wall_segment Palisade Wall x2 |
| 12:15 | FrodoMaldito · wall_segment Palisade Wall x1 |
| 12:21 | kya gunda banega re tu? · age_up feudal |
| 12:23 | kya gunda banega re tu? · first_building Archery Range |
| 12:30 | LMC | Bartolomee123 · wall_segment Palisade Wall x1 |
| 12:34 | Kolor Peru · wall_segment Palisade Wall x3 |
| 12:40 | Kolor Peru · wall_segment Palisade Wall x1 |
| 12:40 | Kolor Peru · wall_segment Palisade Wall x1 |
| 12:41 | Kolor Peru · wall_segment Palisade Wall x1 |
| 12:42 | Kolor Peru · wall_segment Palisade Wall x1 |
| 12:42 | Kolor Peru · wall_segment Palisade Wall x1 |
| 12:43 | Kolor Peru · wall_segment Palisade Wall x1 |
| 12:44 | LMC | Bartolomee123 · wall_segment Palisade Wall x3 |
| 12:44 | Kolor Peru · wall_segment Palisade Wall x1 |
| 12:45 | Kolor Peru · wall_segment Palisade Wall x1 |
| 12:54 | Kolor Peru · age_up feudal |
| 12:57 | Kolor Peru · first_building Archery Range |
| 13:06 | [Astra] Morpheus · wall_segment Palisade Wall x1 |
| 13:10 | [Astra] Morpheus · wall_segment Palisade Wall x1 |
| 13:31 | [Astra] Morpheus · wall_segment Palisade Wall x1 |
| 13:33 | [Astra] Morpheus · wall_segment Palisade Wall x1 |
| 13:38 | [Astra] Morpheus · wall_segment Palisade Wall x1 |
| 15:17 | [Astra] Morpheus · first_market_sell 100 stone |
| 15:32 | [Astra] Morpheus · first_market_buy 100 food |
| 17:28 | Kolor Peru · wall_segment Palisade Wall x2 |
| 18:31 | [Astra] Morpheus · age_up castle |
| 18:39 | [Astra] Morpheus · first_building Castle |
| 19:14 | LMC | Bartolomee123 · wall_segment Palisade Wall x1 |
| 19:34 | FrodoMaldito · first_market_buy 100 food |
| 19:36 | FrodoMaldito · first_market_sell 100 wood |
| 19:38 | LMC | Bartolomee123 · age_up castle |
| 20:53 | Kolor Peru · first_market_sell 100 wood |
| 21:04 | [Astra] Morpheus · wall_segment Palisade Wall x1 |
| 21:05 | [Astra] Morpheus · wall_segment Palisade Wall x1 |
| 21:06 | [Astra] Morpheus · wall_segment Palisade Wall x1 |
| 21:11 | [Astra] Morpheus · wall_segment Palisade Wall x1 |
| 21:12 | [Astra] Morpheus · wall_segment Palisade Wall x1 |
| 21:13 | Kolor Peru · first_building Stable |
| 21:13 | [Astra] Morpheus · wall_segment Palisade Wall x1 |
| 21:27 | LMC | Bartolomee123 · first_building Monastery |
| 22:10 | kya gunda banega re tu? · first_market_sell 500 stone |
| 22:11 | kya gunda banega re tu? · first_market_buy 100 food |
| 22:21 | FrodoMaldito · age_up castle |
| 23:27 | Advanta09 · age_up castle |
| 23:34 | Kolor Peru · age_up castle |
| 23:35 | kya gunda banega re tu? · wall_segment Palisade Wall x1 |
| 23:43 | Kolor Peru · first_building Monastery |
| 24:57 | kya gunda banega re tu? · age_up castle |
| 25:09 | FrodoMaldito · first_building Siege Workshop |
| 30:27 | Advanta09 · first_building Monastery |
| 30:30 | kya gunda banega re tu? · resign |
[ AI ANALYSIS · 1 CREDIT ]
What really happened in this match?
Wolo.gg analyzes every decision: build order, eco, micro, common mistakes by bracket. Personalized analysis on WhatsApp or Discord in 30 seconds.
Civ guide
Georgians
Perfil
Jugador #2270406